 Dungeon Crawl Stone Soup version 0.27-a0-1147-gb3d8e82157 (webtiles) character file.

Game seed: 18235061736132356705

310 senseless the Skirmisher (level 6, -1/57 HPs)
             Began as a Minotaur Fighter on May 11, 2021.
             Slain by a vampire (8 damage)
             ... on level 4 of the Dungeon.
             The game lasted 00:05:48 (2738 turns).

senseless the Skirmisher (Minotaur Fighter)         Turns: 2738, Time: 00:05:48

Health: -1/57      AC:  8    Str: 21    XL:     6   Next: 18%
Magic:  5/5        EV:  7    Int:  6    God:
Gold:   182        SH: 10    Dex: 10    Spells: 5/5 levels left

rFire    . . .     SeeInvis .   a - +0 war axe
rCold    . . .     Faith    .   c - +0 kite shield
rNeg     . . .     Spirit   .   b - +0 scale mail
rPois    +         Reflect  .   (helmet restricted)
rElec    .         Harm     .   (no cloak)
rCorr    .         Rampage  .   (no gloves)
Will     .....                  f - +0 pair of boots
Stlth    ..........             (no amulet)
HPRegen  0.19/turn              h - ring of poison resistance
MPRegen  0.09/turn              (no ring)

@: no status effects
A: horns 2, retaliatory headbutt
a: no special abilities


You were on level 4 of the Dungeon.
You visited 1 branch of the dungeon, and saw 4 of its levels.

You collected 182 gold pieces.

Inventory:

Hand Weapons
 a - a +0 war axe (weapon)
Armour
 b - a +0 scale mail (worn)
 c - a +0 kite shield (worn)
 f - a +0 pair of boots (worn)
Jewellery
 h - a ring of poison resistance (left hand)
Wands
 i - a wand of flame (21)
Scrolls
 j - a scroll of acquirement {unknown}
 m - a scroll of torment {unknown}
Potions
 d - a potion of might
 g - a potion of haste
 k - a potion of lignification {unknown}
 l - a potion of mutation {unknown}


   Skills:
 * Level 6.0 Fighting
 + Level 4.0 Axes
 + Level 4.9 Armour
 + Level 4.9 Shields


You had 5 spell levels left.
You didn't know any spells.
Your spell library contained the following spells:

 Spells                   Type           Power      Damage    Failure   Level
 Cause Fear               Hex            0%         N/A       100%        4
 Silence                  Hex/Air        0%         N/A       100%        5
 Yara's Violent Unravell  Hex/Tmut       0%         3d3       100%        5
 Discord                  Hex            0%         N/A       100%        8


Dungeon Overview and Level Annotations

Branches:
Dungeon (4/15)
 Temple: D:4-7

Altars:

Shops:
D:1 [


Innate Abilities, Weirdness & Mutations

You have a pair of horns on your head.
You reflexively headbutt those who attack you in melee.


Message History

Deactivating autopickup; reactivate with Ctrl-A.
A goblin comes into view. It is wielding a +0 dagger.
The goblin shouts!
You block the goblin's attack.
You miss the goblin. Your headbutt misses the goblin.
You block the goblin's attack.
You completely miss the goblin. You slash the goblin!
You kill the goblin!
You miss something. Something completely misses you.
Something bites you but does no damage. You block the goblin's attack.
Something hits you. Something bites you!
Something draws strength from your injuries!
The goblin completely misses you.
You barely miss something. You barely miss the goblin.
Something completely misses you. Something bites you.
Something draws strength from your injuries!
The goblin hits you but does no damage.
You hit something but do no damage. You slash the goblin!
You kill the goblin!
You block something's attack. x2; Something hits you.
Something bites you.
Something draws strength from your injuries!
You closely miss something. Your headbutt misses something.
You hear some strange, mumbled words.
You are confused.
You bump into the rock wall.
Something hits you. Something bites you.
Something draws strength from your injuries!
You barely miss something. Something hits you but does no damage.
Something bites you!
Something draws strength from your injuries!
Something hits you. Something bites you.
* * * LOW HITPOINT WARNING * * *
Something draws strength from your injuries!
You hit something. Something hits you!
* * * LOW HITPOINT WARNING * * *
Something bites you but does no damage.
You feel better. Something hits you.
* * * LOW HITPOINT WARNING * * *
Something bites you but does no damage.
You miss something. Something hits you but does no damage. Something bites you!
You die...

#########...##.#..###....
..........####...#...#...
##......# ##..........
###....# ##......###
#....# ######..# ###..>.#
#### ##... #......#....#
... .....###........ ...
...## #@{...... ...
#.......))...... .##
................
#######........ #........
##....... .###### .#


There were no monsters in sight!

Vanquished Creatures
  A black bear (D:4)
  A howler monkey (D:4)
  An iguana (D:4)
  6 adders
  An adder zombie (D:2)
  2 adder skeletons
  A worm (D:2)
  A dart slug (D:1)
  7 bats
  A bat zombie (D:2)
  An endoplasm (D:2)
  6 giant cockroaches
  7 goblins
  5 hobgoblins
  12 jackals
  5 quokkas
  8 ball pythons
  4 ball python skeletons (D:2)
  A ball python zombie (D:2)
  4 frilled lizards
  2 giant cockroach zombies (D:2)
  A jackal zombie (D:2)
  4 kobolds
  6 rats
88 creatures vanquished.

Vanquished Creatures (others)
  8 plants (D:3)
  6 withered plants (D:2)
14 creatures vanquished.

Grand Total: 102 creatures vanquished

Notes
Turn   | Place    | Note
-------+----------+-------------------------------------------
     0 | D:1      | senseless the Minotaur Fighter began the quest for the Orb.
     0 | D:1      | Reached XP level 1. HP: 19/19 MP: 0/0
    10 | D:1      | Noticed an electric eel
   152 | D:1      | Reached XP level 2. HP: 26/27 MP: 1/1
   154 | D:1      | Reached skill level 4 in Fighting
   362 | D:1      | Found Bef Syg's Armour Boutique.
   516 | D:1      | Found a faded altar of an unknown god.
   651 | D:2      | Reached XP level 3. HP: 33/33 MP: 2/2
  1206 | D:2      | Reached XP level 4. HP: 39/41 MP: 3/3
  1560 | D:2      | Reached skill level 5 in Fighting
  2469 | D:4      | Noticed a black bear
  2479 | D:4      | Killed a black bear
  2480 | D:4      | Reached XP level 5. HP: 37/50 MP: 4/4
  2643 | D:4      | Reached XP level 6. HP: 57/57 MP: 5/5
  2648 | D:4      | Reached skill level 6 in Fighting
  2724 | D:4      | Noticed a vampire
  2738 | D:4      | Slain by a vampire

Illustrated notes

Levels and vault maps discovered:
D:1:      arrival_aquarium_a, layout_basic, serial_shops,
          nicolae_shop_behind_doors, hellmonk_ecumenical_altar_inner_sanctum,
          minivault_14, minmay_misc_feat_nine_boxes, minmay_pentomino_u2
D:2:      layout_loops_ring, serial_undead, serial_undead_e, serial_undead_c,
          serial_undead_a, serial_undead_c, serial_undead_b, serial_undead_b,
          serial_undead_e, serial_undead_b, serial_undead_d, serial_undead_c
D:3:      layout_loops_ring, serial_bayou, serial_bayou_ford_a,
          serial_bayou_pond_c, serial_bayou_pond_d, serial_bayou_shore_a
D:4:      layout_layer_cave, amethyst_killhole,
          minmay_fractal_squares_diagonal_5

Skill      XL: |  1  2  3  4  5  6 |
---------------+-------------------+-----
Fighting       | 4 5 6 |  6.0
Armour         | 4 |  4.9
Shields        | 4 |  4.9
Axes           | 3 4 |  4.0

Action                   |  1- 3 |  4- 6 || total
-------------------------+-------+-------++-------
Melee: War axe           |   109 |   104 ||   213
       Headbutt          |    15 |    13 ||    28
  Use: Scroll            |       |     6 ||     6
       Potion            |       |     1 ||     1
Armor: Scale mail        |    64 |    66 ||   130
Dodge: Dodged            |    29 |    42 ||    71
Block: Kite shield       |    61 |    68 ||   129

Table legend: (Time is in decaauts)
 A = Elapsed time spent in this place.
 B = Non-inter-level travel time spent in this place.
 C = Inter-level travel time spent in this place.
 D = Time resting spent in this place.
 E = Time spent auto-exploring this place.
 F = Levels seen in this place.
 G = Mean time per level.
                   A        B        C        D        E       F      G
               +--------+--------+--------+--------+--------+-----+--------+
         Total |   2895 |   2857 |     38 |     18 |   2276 |   4 |  723.8 |
       Dungeon |   2895 |   2857 |     38 |     18 |   2276 |   4 |  723.8 |
               +--------+--------+--------+--------+--------+-----+--------+

Top non-repeatable levels by time:
     D:2: 1129 daAuts
     D:3: 812 daAuts
     D:1: 649 daAuts
     D:4: 305 daAuts
